 Dungeon Crawl Stone Soup version 0.24.0-125-gc4c63601f3 (webtiles) character file.

Game seed: 15045451665864431629, levelgen mode: deterministic

752 ElektroTeck the Caller (level 7, -1/52 HPs)
             Began as a Demigod Summoner on Mar 5, 2020.
             Slain by a centaur (3 damage)
             ... on level 8 of the Dungeon on Mar 9, 2020.
             The game lasted 01:08:59 (8646 turns).

ElektroTeck the Caller (Demigod Summoner)           Turns: 8646, Time: 01:09:00

Health: -1/52      AC:  5    Str: 11    XL:     7   Next: 24%
Magic:  0/17       EV: 11    Int: 23    God:
Gold:   406        SH:  0    Dex: 16    Spells: 4/15 levels left

rFire    . . .     SeeInvis .   n - +0 dagger (venom) {Adrian's dagger}
rCold    . . .     Gourm    .   (no shield)
rNeg     . . .     Faith    .   g - +0 ring mail
rPois    +         Spirit   +   (helmet restricted)
rElec    .         Reflect  .   (no cloak)
rCorr    .         Harm     .   (no gloves)
MR       .....                  (no boots)
Stlth    ++........             R - amulet of guardian spirit
HPRegen  0.17/turn              z - ring of stealth
MPRegen  0.15/turn              (no ring)

@: very slightly contaminated, invisible
A: horns 1, high mp 1, poison resistance
a: no special abilities


You were on level 8 of the Dungeon.
You were full.

You visited 2 branches of the dungeon, and saw 9 of its levels.

You collected 406 gold pieces.

Inventory:

Hand Weapons
 m - a +0 shortbow {Bow of wind}
 n - a +0 dagger of venom (weapon) {Adrian's dagger}
 u - a +0 hand axe
 x - a +0 dagger
 B - a +0 hunting sling
 F - a +2 long sword of holy wrath
 G - a +0 war axe
 I - a +0 trident
 O - a +0 flail
 S - a +0 falchion
 T - a +0 spear
 U - a +0 flail
 W - a +0 whip
Missiles
 b - 169 stones (quivered)
 d - 71 arrows
 e - 44 sling bullets
 s - 2 boomerangs
Armour
 a - a +0 robe
 g - a +0 ring mail (worn)
 C - a +0 scale mail
 H - a +0 leather armour
 J - a +0 ring mail
 M - a +0 scale mail
 X - a +0 chain mail
Jewellery
 h - an uncursed ring of see invisible {unknown}
 z - a ring of stealth (left hand)
 R - an amulet of guardian spirit (around neck)
Wands
 r - a wand of iceblast (7)
Scrolls
 f - a scroll of vulnerability {unknown}
 j - a scroll of immolation {unknown}
 l - a scroll of amnesia {unknown}
 o - 2 scrolls of fog {unknown}
 p - 9 scrolls of identify {unknown}
 q - 2 scrolls of teleportation {unknown}
 t - 2 scrolls of enchant weapon {unknown}
 w - a scroll of enchant armour {unknown}
 K - 2 scrolls of remove curse
Potions
 k - a potion of ambrosia
 v - a potion of flight
 P - 4 potions of haste
 V - a potion of might
Comestibles
 c - 3 rations


   Skills:
 + Level 1.1 Fighting
 + Level 0.2 Short Blades
 + Level 2.0 Bows
 + Level 2.1 Armour
 + Level 2.2 Dodging
 + Level 2.1 Stealth
 + Level 4.5 Spellcasting
 + Level 5.6 Summonings


You had 4 spell levels left.
You knew the following spells:

 Your Spells              Type           Power        Failure   Level  Hunger
a - Summon Small Mammal   Summ           ####         2%          1    None
b - Call Canine Familiar  Summ           ####....     7%          3    ##.....
c - Summon Lightning Spi  Summ/Air       ###.....     58%         4    ####...
d - Summon Guardian Gole  Hex/Summ       ###.....     22%         3    ##.....

Your spell library contained the following spells:

 Spells                   Type           Power        Failure   Level  Hunger
 Call Imp                 Summ           ####....     3%          2    None
 Magic Dart               Conj           #...         24%         1    None
 Blink                    Tloc           N/A          34%         2    None
 Slow                     Hex            #.......     34%         2    None
 Conjure Flame            Conj/Fire      #.......     56%         3    ##.....
 Mephitic Cloud           Conj/Pois/Air  #.......     56%         3    ##.....
 Summon Ice Beast         Ice/Summ       ###.....     58%         4    ####...


Dungeon Overview and Level Annotations

Branches:
Dungeon (8/15)             Temple (1/1) D:7
   Lair: D:8-11

Annotations:
D:6 1 runed translucent door


Innate Abilities, Weirdness & Mutations

You have an increased reservoir of magic. (+10% MP)
You have a pair of small horns on your head.
Your system is resistant to poisons. (rPois)


Message History

The phantom hits your quokka!
Your quokka dies!
Your quokka's corpse disappears in a puff of smoke!
Your quokka bites the bullfrog.
The bullfrog barely misses your quokka.
Your quokka closely misses the bullfrog.
The bullfrog closely misses your quokka.
Your quokka misses the bullfrog. The bullfrog misses your quokka.
The bullfrog closely misses your quokka.
Your quokka bites the bullfrog.
The bullfrog dies!
Your Armour skill increases to level 2!
The phantom barely misses you.
You see here a sapphire potion.
The centaur hits you.
* * * LOW HITPOINT WARNING * * *
Your quokka barely misses the centaur.
You eat one of the 4 rations.
That ration really hit the spot!
The centaur hits you.
You die...

.##.... #.......#
....... #.......#
.......###.......#
#............#
#.a.(........#
#...<(.......#
#...(........#
........#.......#
........#.@.....#
........#.cWr...#
.###....#.!.....#
######.......#
#......?#
#########


You could see a phantom, a centaur, a worker ant (wandering) and a friendly
quokka.

Vanquished Creatures
  A centaur (D:7)
  4 killer bees (D:7)
  A hound (D:7)
  An orc priest (D:5)
  An orc wizard (D:5)
  2 worker ants
  3 adders
  A shadow imp (D:6)
  An ooze (D:7)
  4 orcs
  4 bats
  A giant cockroach (D:6)
  A goblin (D:1)
  A hobgoblin (D:1)
  A kobold (D:2)
  A frilled lizard (D:1)
  A rat (D:2)
29 creatures vanquished.

Vanquished Creatures (collateral kills)
  Menkaure (D:5)
  An ice beast (D:5)
  3 bullfrogs
  An orc priest (D:6)
  An orc wizard (D:3)
  A worker ant (D:7)
  A hound skeleton (D:6)
  4 gnolls (D:5)
  2 adders (D:3)
  An ooze (D:1)
  A worm (D:2)
  A leopard gecko (D:2)
  6 orcs
  A giant cockroach (D:4)
  5 goblins
  3 hobgoblins
  4 kobolds (D:1)
  3 frilled lizards
  A leopard gecko skeleton (D:5)
  3 rats (D:2)
44 creatures vanquished.

Grand Total: 73 creatures vanquished

Notes
Turn   | Place    | Note
-------+----------+-------------------------------------------
     0 | D:1      | ElektroTeck the Demigod Summoner began the quest for the
                  | Orb.
     0 | D:1      | Reached XP level 1. HP: 14/14 MP: 5/5
  1143 | D:1      | Found a shattered altar of Ashenzari.
  1566 | D:1      | Reached XP level 2. HP: 19/20 MP: 2/7
  1844 | D:1      | Reached skill level 4 in Summonings
  2331 | D:2      | Found a faded altar of an unknown god.
  2706 | D:3      | Reached XP level 3. HP: 15/26 MP: 3/9
  2732 | D:3      | Found a sacrificial altar of Ru.
  3695 | D:4      | Reached XP level 4. HP: 34/34 MP: 6/10
  3747 | D:4      | Found a basalt altar of Yredelemnul.
  3835 | D:5      | Entered Level 5 of the Dungeon
  3839 | D:5      | Noticed an ice beast
  3870 | D:5      | Killed an ice beast
  4105 | D:5      | Noticed Menkaure
  4295 | D:5      | Killed Menkaure
  4295 | D:5      | Reached XP level 5. HP: 3/39 MP: 6/13
  4780 | D:5      | Reached skill level 5 in Summonings
  5631 | D:6      | Reached skill level 1 in Armour
  5631 | D:6      | Reached XP level 6. HP: 43/46 MP: 11/15
  5944 | D:6      | Found a white marble altar of Elyvilon.
  5946 | D:6      | Found a hazy altar of Hepliaklqana.
  6073 | D:6      | Learned a level 3 spell: Call Canine Familiar
  6141 | D:6      | Found a runed translucent door.
  6167 | D:6      | Learned a level 4 spell: Summon Lightning Spire
  6171 | D:6      | Learned a level 3 spell: Summon Guardian Golem
  6404 | D:7      | Found a staircase to the Ecumenical Temple.
  6936 | Temple   | Entered the Ecumenical Temple
  7424 | D:7      | Found a glowing silver altar of Zin.
  7674 | D:7      | Gained mutation: Your system is resistant to poisons.
                  | (rPois) [potion of mutation]
  7674 | D:7      | Gained mutation: You have a pair of small horns on your
                  | head. [potion of mutation]
  8065 | D:7      | Reached skill level 1 in Bows
  8068 | D:7      | Reached skill level 1 in Fighting
  8083 | D:7      | Reached XP level 7. HP: 23/52 MP: 8/17
  8095 | D:7      | HP: 1/52 [killer bee (2)]
  8402 | D:7      | Found a shadowy altar of Dithmenos.
  8405 | D:7      | Found a burning altar of Makhleb.
  8406 | D:7      | Found a snail-covered altar of Cheibriados.
  8625 | D:8      | HP: 1/52 [phantom (2)]
  8644 | D:8      | HP: 2/52 [centaur (3)]
  8646 | D:8      | Slain by a centaur

Levels and vault maps discovered:
D:1:      dpeg_arrival_pond, layout_loops_corners, ashenzari_altar_1
D:2:      layout_basic, first_ration, chequers_ecumenical_altar_simple_redux
D:3:      layout_basic, nicolae_ru_awakened_eye, chequers_serial_rivers_micro_d
D:4:      layout_basic, lemuel_crystal_altar
D:5:      layout_loops_ring, uniq_menkaure
D:6:      layout_loops_cross, nicolae_overflow_hidden_temple,
          ebering_ghost_sewer_d
D:7:      layout_basic, grunt_temple_overflow_opulence, zin_academy,
          chequers_temple_overflow_statue_of_worship, temple_green
D:8:      layout_rooms, kennysheep_little_box, kennysheep_mini_moat,
          erik_lair_orcish_takeover, enter_ossuary_4, grunt_ogre_cave,
          st_stairs_8, tgw_xom, uniq_maurice
Temple:   jpeg_temple_alley_garden

Skill      XL: |  1  2  3  4  5  6  7 |
---------------+----------------------+-----
Spellcasting   | 2 3 4 |  4.5
Summonings     | 4 5 |  5.6
Dodging        | 2 |  2.2
Armour         | 1 2 |  2.1
Stealth        | 2 |  2.1
Bows           | 1 2 |  2.0
Fighting       | 1 |  1.1
Short Blades   | |  0.2

Action                   |  1- 3 |  4- 6 |  7- 9 || total
-------------------------+-------+-------+-------++-------
Melee: Short sword       |    12 |       |       ||    12
       Dagger            |    39 |    51 |    21 ||   111
       Headbutt          |       |     1 |     4 ||     5
 Fire: Hunting sling     |     3 |       |       ||     3
       Shortbow          |       |    15 |       ||    15
Throw: Stone             |     2 |     2 |       ||     4
 Cast: Summon Small Mamm |   117 |    84 |     7 ||   208
       Call Canine Famil |       |    16 |       ||    16
       Summon Guardian G |       |     3 |       ||     3
  Use: Scroll            |     1 |     1 |       ||     2
       Potion            |       |     6 |     4 ||    10
  Eat: Chunk             |     8 |     1 |       ||     9
       Ration            |     1 |     3 |     2 ||     6
Armor: Ring mail         |    44 |    31 |    20 ||    95
Dodge: Dodged            |    59 |    77 |    43 ||   179
